TOP OF THE 1ST |
Intercourse Amish batting - Pitching for Penquannock Overrated Jeter : LHP Héctor Díaz
|
Pitching: LHP Héctor Díaz
|
|
Batting: LHB Jesús Raugel
|
0-0: Called Strike 0-1: Ball 1-1: Foul Ball, location: 2F 1-2: Ball 2-2: Foul Ball, location: 2F 2-2: Ball 3-2: SINGLE (Line Drive, 89S)
|
Batting: RHB Ramón Padilla
|
0-0: Called Strike 0-1: Ball 1-1: Ball 2-1: SINGLE (Flyball, 3D) Jesús Raugel to second Runner from 2nd tries for 3rd, SAFE, throw made to third
|
Batting: RHB Juan Estrada
|
0-0: Called Strike 0-1: Ball 1-1: Grounds into double play, 6-4-3 (Groundball, 6) Jesús Raugel scores
|
Batting: RHB Taylor Justice
|
0-0: Foul Ball, location: 2F 0-1: Ball 1-1: Called Strike 1-2: Ground out 4-3 (Groundball, 4)
|
Top of the 1st over - 1 run(s), 2 hit(s), 0 error(s), 0 left on base; Intercourse 1 - Penquannock 0 |
BOTTOM OF THE 1ST |
Penquannock Overrated Jeter batting - Pitching for Intercourse Amish : LHP José Travez
|
Pitching: LHP José Travez
|
|
Batting: RHB Phil Wright
|
0-0: Ball 1-0: Ball 2-0: Called Strike 2-1: Foul Ball, location: 2F 2-2: Ground out 6-3 (Groundball, 6)
|
Batting: RHB Bernardo Enríquez
|
0-0: Foul Ball, location: 2F 0-1: Called Strike 0-2: Ball 1-2: Strikes out looking
|
Batting: RHB José Velásquez
|
0-0: Ball 1-0: Swinging Strike 1-1: Called Strike 1-2: Fly out, F5 (Popup, 5D)
|
Bottom of the 1st over - 0 run(s), 0 hit(s), 0 error(s), 0 left on base; Intercourse 1 - Penquannock 0 |
TOP OF THE 2ND |
Intercourse Amish batting - Pitching for Penquannock Overrated Jeter : LHP Héctor Díaz
|
Batting: RHB Micheal Banks
|
0-0: SINGLE (Line Drive, 78S)
|
Batting: LHB Pat Carroll
|
0-0: Called Strike 0-1: Ball 1-1: Called Strike 1-2: Ball 2-2: Ball 3-2: Grounds into double play, U3-6 (Groundball, 3L)
|
Batting: RHB Gilbert Forbes
|
0-0: Ground out 5-3 (Groundball, 5D)
|
Top of the 2nd over - 0 run(s), 1 hit(s), 0 error(s), 0 left on base; Intercourse 1 - Penquannock 0 |
BOTTOM OF THE 2ND |
Penquannock Overrated Jeter batting - Pitching for Intercourse Amish : LHP José Travez
|
Batting: LHB Pete Weber
|
0-0: Ball 1-0: Foul Ball, location: 2F 1-1: Swinging Strike 1-2: Fly out, F9 (Line Drive, 9S)
|
Batting: LHB Tony Green
|
0-0: Ball 1-0: Ball 2-0: Ball 3-0: Base on Balls
|
Batting: RHB Armando Pagán
|
0-0: Ball 1-0: Fly out, F9 (Line Drive, 9D)
|
Batting: LHB Matt Reese
|
0-0: Called Strike 0-1: SINGLE (Flyball, 8LS) Tony Green to second Runner from 2nd tries for 3rd, OUT!
|
Bottom of the 2nd over - 0 run(s), 1 hit(s), 0 error(s), 1 left on base; Intercourse 1 - Penquannock 0 |
TOP OF THE 3RD |
Intercourse Amish batting - Pitching for Penquannock Overrated Jeter : LHP Héctor Díaz
|
Batting: RHB Pablo Díaz
|
0-0: SINGLE (Groundball, 34D)
|
Batting: RHB Esteban Salas
|
0-0: Called Strike 0-1: Foul Ball, location: 2F 0-2: Foul Ball, location: 2F 0-2: Fly out, F8 (Flyball, 78D)
|
Batting: LHB Jesús Raugel
|
0-0: Grounds into double play, 4-6-3 (Groundball, 4)
|
Top of the 3rd over - 0 run(s), 1 hit(s), 0 error(s), 0 left on base; Intercourse 1 - Penquannock 0 |
BOTTOM OF THE 3RD |
Penquannock Overrated Jeter batting - Pitching for Intercourse Amish : LHP José Travez
|
Batting: RHB Manny Perea
|
0-0: Called Strike 0-1: Ball 1-1: Ground out 6-3 (Groundball, 6)
|
Batting: RHB Barton Frazier
|
0-0: Called Strike 0-1: Foul Ball, location: 2F 0-2: Fly out, F8 (Flyball, 8LXD)
|
Batting: RHB Phil Wright
|
0-0: Ball 1-0: Called Strike 1-1: Ball 2-1: Swinging Strike 2-2: Ground out 5-3 (Groundball, 5)
|
Bottom of the 3rd over - 0 run(s), 0 hit(s), 0 error(s), 0 left on base; Intercourse 1 - Penquannock 0 |
TOP OF THE 4TH |
Intercourse Amish batting - Pitching for Penquannock Overrated Jeter : LHP Héctor Díaz
|
Batting: RHB Ramón Padilla
|
0-0: Called Strike 0-1: Foul Ball, location: 2F 0-2: Ball 1-2: Ball 2-2: Ground out 5-3 (Groundball, 56)
|
Batting: RHB Juan Estrada
|
0-0: Ball 1-0: Fly out, F9 (Flyball, 9LSF)
|
Batting: RHB Taylor Justice
|
0-0: Ball 1-0: Ball 2-0: Ball 3-0: Called Strike 3-1: Base on Balls
|
Batting: RHB Micheal Banks
|
0-0: Ball 1-0: Ball 2-0: Ball 3-0: Called Strike 3-1: Base on Balls Taylor Justice to second
|
Batting: LHB Pat Carroll
|
0-0: SINGLE (Line Drive, 6) Taylor Justice to third Micheal Banks to second Runner from 3rd tries for Home, SAFE, throw made at trailing runner, OUT at third!
|
Top of the 4th over - 1 run(s), 1 hit(s), 0 error(s), 1 left on base; Intercourse 2 - Penquannock 0 |
BOTTOM OF THE 4TH |
Penquannock Overrated Jeter batting - Pitching for Intercourse Amish : LHP José Travez
|
Batting: RHB Bernardo Enríquez
|
0-0: Swinging Strike 0-1: Foul Ball, location: 2F 0-2: Foul Ball, location: 2F 0-2: Ball 1-2: Ball 2-2: Ball 3-2: Strikes out swinging
|
Batting: RHB José Velásquez
|
0-0: Called Strike 0-1: Ground out 5-3 (Groundball, 5L)
|
Batting: LHB Pete Weber
|
0-0: Called Strike 0-1: Fly out, F7 (Flyball, 7S)
|
Bottom of the 4th over - 0 run(s), 0 hit(s), 0 error(s), 0 left on base; Intercourse 2 - Penquannock 0 |
TOP OF THE 5TH |
Intercourse Amish batting - Pitching for Penquannock Overrated Jeter : LHP Héctor Díaz
|
Batting: RHB Gilbert Forbes
|
0-0: Swinging Strike 0-1: Called Strike 0-2: Fly out, F4 (Line Drive, 4M)
|
Batting: RHB Pablo Díaz
|
0-0: Foul Ball, location: 2F 0-1: Foul Ball, location: 2F 0-2: Ball 1-2: Foul Ball, location: 2F 1-2: Ball 2-2: SINGLE (Flyball, 7S)
|
Pitching: RHP Carl Thomas
|
|
Batting: RHB Esteban Salas
|
0-0: Swinging Strike 0-1: Fly out, F9 (Flyball, 9LMF)
|
Batting: LHB Jesús Raugel
|
0-0: Foul Ball, location: 2F 0-1: Ball 1-1: Ground out U3 (Groundball, 3L)
|
Top of the 5th over - 0 run(s), 1 hit(s), 0 error(s), 1 left on base; Intercourse 2 - Penquannock 0 |
BOTTOM OF THE 5TH |
Penquannock Overrated Jeter batting - Pitching for Intercourse Amish : LHP José Travez
|
Batting: LHB Tony Green
|
0-0: Ball 1-0: Swinging Strike 1-1: Ball 2-1: Foul Ball, location: 2F 2-2: Ball 3-2: Base on Balls
|
Batting: RHB Armando Pagán
|
0-0: Called Strike 0-1: Swinging Strike 0-2: Ball 1-2: Ball 2-2: Ball 3-2: Foul Ball, location: 2F 3-2: Base on Balls Tony Green to second
|
Batting: LHB Matt Reese
|
0-0: Foul Ball, location: 2F 0-1: Called Strike 0-2: Foul Ball, location: 2F 0-2: Fielders Choice at 2nd, 3-6 (Groundball, 34) Tony Green to third
|
Batting: RHB Manny Perea
|
0-0: Ball 1-0: Called Strike 1-1: Ball 2-1: Ball 3-1: Grounds into double play, 5-4-3 (Groundball, 56)
|
Bottom of the 5th over - 0 run(s), 0 hit(s), 0 error(s), 1 left on base; Intercourse 2 - Penquannock 0 |
TOP OF THE 6TH |
Intercourse Amish batting - Pitching for Penquannock Overrated Jeter : RHP Carl Thomas
|
Batting: RHB Ramón Padilla
|
0-0: SINGLE (Line Drive, 56)
|
Batting: RHB Juan Estrada
|
0-0: Called Strike 0-1: Foul Ball, location: 2F 0-2: Ball 1-2: Ball 2-2: Strikes out looking
|
Batting: RHB Taylor Justice
|
0-0: Called Strike Ramón Padilla steals 2nd base 0-1: Ball 1-1: Ball 2-1: Ball 3-1: Base on Balls
|
Batting: RHB Micheal Banks
|
0-0: Called Strike 0-1: Ball 1-1: Swinging Strike 1-2: Ball 2-2: Ball 3-2: Fly out, F9 (Flyball, 9S)
|
Batting: LHB Pat Carroll
|
0-0: Ball 1-0: Called Strike 1-1: Ground out 1-3 (Groundball, 15S)
|
Top of the 6th over - 0 run(s), 1 hit(s), 0 error(s), 2 left on base; Intercourse 2 - Penquannock 0 |
BOTTOM OF THE 6TH |
Penquannock Overrated Jeter batting - Pitching for Intercourse Amish : LHP José Travez
|
Batting: RHB Barton Frazier
|
0-0: Ball 1-0: Ball 2-0: Foul Ball, location: 2F 2-1: Ball 3-1: Called Strike 3-2: Base on Balls
|
Batting: RHB Phil Wright
|
0-0: Ball 1-0: Ball 2-0: Ball 3-0: Called Strike 3-1: Grounds into double play, 4-6-3 (Groundball, 4)
|
Batting: RHB Bernardo Enríquez
|
0-0: Ball 1-0: Ball 2-0: Ball 3-0: Called Strike 3-1: Base on Balls
|
Batting: RHB José Velásquez
|
0-0: Ball 1-0: Fielders Choice at 2nd, 4-6 (Groundball, 4)
|
Bottom of the 6th over - 0 run(s), 0 hit(s), 0 error(s), 0 left on base; Intercourse 2 - Penquannock 0 |
TOP OF THE 7TH |
Intercourse Amish batting - Pitching for Penquannock Overrated Jeter : RHP Carl Thomas
|
Batting: RHB Gilbert Forbes
|
0-0: Called Strike 0-1: Ball 1-1: Swinging Strike 1-2: Foul Ball, location: 2F 1-2: Strikes out swinging
|
Batting: RHB Pablo Díaz
|
0-0: Called Strike 0-1: Ball 1-1: Swinging Strike 1-2: Ball 2-2: TRIPLE (Flyball, 89D)
|
Batting: RHB Esteban Salas
|
0-0: Called Strike 0-1: Called Strike 0-2: Foul Ball, location: 2F 0-2: Ball 1-2: Strikes out swinging
|
Batting: LHB Jesús Raugel
|
0-0: Ball 1-0: Foul Ball, location: 2F 1-1: Called Strike 1-2: SINGLE (Line Drive, 7S) Pablo Díaz scores
|
Batting: RHB Ramón Padilla
|
0-0: Ball 1-0: Called Strike 1-1: Ball 2-1: Ball 3-1: Fly out, F8 (Flyball, 8RM)
|
Top of the 7th over - 1 run(s), 2 hit(s), 0 error(s), 1 left on base; Intercourse 3 - Penquannock 0 |
BOTTOM OF THE 7TH |
Penquannock Overrated Jeter batting - Pitching for Intercourse Amish : LHP José Travez
|
Batting: LHB Pete Weber
|
0-0: Ball 1-0: Called Strike 1-1: Swinging Strike 1-2: Strikes out looking
|
Batting: LHB Tony Green
|
0-0: Called Strike 0-1: Ball 1-1: Swinging Strike 1-2: Ball 2-2: Strikes out swinging
|
Batting: RHB Armando Pagán
|
0-0: Fly out, F9 (Flyball, 9)
|
Bottom of the 7th over - 0 run(s), 0 hit(s), 0 error(s), 0 left on base; Intercourse 3 - Penquannock 0 |
TOP OF THE 8TH |
Intercourse Amish batting - Pitching for Penquannock Overrated Jeter : RHP Carl Thomas
|
Batting: RHB Juan Estrada
|
0-0: SINGLE (Line Drive, 4MD)
|
Batting: RHB Taylor Justice
|
0-0: Ball 1-0: Grounds into double play, 6-4-3 (Groundball, 6)
|
Batting: RHB Micheal Banks
|
0-0: Ball 1-0: Ball 2-0: Ground out 6-3 (Groundball, 6)
|
Top of the 8th over - 0 run(s), 1 hit(s), 0 error(s), 0 left on base; Intercourse 3 - Penquannock 0 |
BOTTOM OF THE 8TH |
Penquannock Overrated Jeter batting - Pitching for Intercourse Amish : LHP José Travez
|
Pitching: RHP David Nanod
|
|
Batting: LHB Matt Reese
|
0-0: Called Strike 0-1: Ground out 4-3 (Groundball, 4M)
|
Batting: RHB Manny Perea
|
0-0: Ball 1-0: SOLO HOME RUN (Flyball, 9LD), Distance : 336 ft
|
Batting: RHB Barton Frazier
|
0-0: Foul Ball, location: 2F 0-1: Foul Ball, location: 2F 0-2: Ball 1-2: Foul Ball, location: 2F 1-2: Ball 2-2: Strikes out swinging
|
Batting: RHB Phil Wright
|
0-0: Ball 1-0: Swinging Strike 1-1: Called Strike 1-2: Ball 2-2: Foul Ball, location: 2F 2-2: Strikes out swinging
|
Bottom of the 8th over - 1 run(s), 1 hit(s), 0 error(s), 0 left on base; Intercourse 3 - Penquannock 1 |
TOP OF THE 9TH |
Intercourse Amish batting - Pitching for Penquannock Overrated Jeter : RHP Carl Thomas
|
Batting: LHB Pat Carroll
|
0-0: Ball 1-0: Called Strike 1-1: Called Strike 1-2: Foul Ball, location: 2F 1-2: Strikes out swinging
|
Batting: RHB Gilbert Forbes
|
0-0: Foul Ball, location: 2F 0-1: Ball 1-1: Swinging Strike 1-2: Ball 2-2: Foul Ball, location: 2F 2-2: Strikes out swinging
|
Batting: RHB Pablo Díaz
|
0-0: Called Strike 0-1: Swinging Strike 0-2: Ball 1-2: Ball 2-2: Ball 3-2: Foul Ball, location: 2F 3-2: Fly out, F2 (Popup, 23)
|
Top of the 9th over - 0 run(s), 0 hit(s), 0 error(s), 0 left on base; Intercourse 3 - Penquannock 1 |
BOTTOM OF THE 9TH |
Penquannock Overrated Jeter batting - Pitching for Intercourse Amish : RHP David Nanod
|
Pitching: RHP Sixto Santiago
|
|
Batting: RHB Bernardo Enríquez
|
0-0: Ball 1-0: Ball 2-0: Called Strike 2-1: Foul Ball, location: 2F 2-2: Strikes out swinging
|
Batting: RHB José Velásquez
|
0-0: Foul Ball, location: 2F 0-1: Ball 1-1: Swinging Strike 1-2: Strikes out looking
|
Batting: LHB Pete Weber
|
0-0: SOLO HOME RUN (Flyball, 7LD), Distance : 361 ft
|
Batting: LHB Tony Green
|
0-0: Ball 1-0: Foul Ball, location: 2F 1-1: Ball 2-1: Ball 3-1: Called Strike 3-2: Base on Balls
|
Pinch Hitting: LHB Eric Powell
|
0-0: Ball 1-0: Swinging Strike 1-1: Ball 2-1: Ball 3-1: SINGLE (Line Drive, 6MD) Tony Green to second
|
Batting: LHB Matt Reese
|
0-0: Called Strike 0-1: Ball 1-1: Foul Ball, location: 2F 1-2: Strikes out swinging
|
Bottom of the 9th over - 1 run(s), 2 hit(s), 0 error(s), 2 left on base; Intercourse 3 - Penquannock 2 |
|